 Dungeon Crawl Stone Soup version 0.19-a0-1508-g2ac1aae (webtiles) character file.

105 Promi the Poker (level 4, -1/37 HPs)
             Began as a Merfolk Monk on Sept 10, 2016.
             Slain by Robin
             ... wielding a +0 trident
              (7 damage)
             ... on level 2 of the Dungeon.
             The game lasted 00:09:35 (1845 turns).

Promi the Poker (Merfolk Monk)                      Turns: 1845, Time: 00:09:36

Health: -1/37      AC:  2    Str: 11    XL:     4   Next: 83%
Magic:  4/4        EV: 15    Int: 10    God:
Gold:   140        SH:  0    Dex: 16    Spells: 0 memorised, 3 levels left

rFire  . . .     SeeInvis .     a - +0 spear
rCold  . . .     Gourm    .     b - +0 robe
rNeg   . . .     Faith    .     (no shield)
rPois  .         Spirit   .     (no helmet)
rElec  .         Dismiss  .     (no cloak)
rCorr  .         Reflect  .     (no gloves)
MR     .....     Harm     .     (no boots)
Stlth  ++........               (no amulet)
                                (no ring)
                                (no ring)

@: no status effects
A: change form in water, swift swim, stealthy swim
a: no special abilities


You were on level 2 of the Dungeon.
You were not hungry.

You visited 1 branch of the dungeon, and saw 3 of its levels.

You collected 140 gold pieces.

Inventory:

Hand Weapons
 a - a +0 spear (weapon)
Armour
 b - a +0 robe (worn)
Jewellery
 d - a cursed ring of loudness {unknown}
Scrolls
 e - a scroll of identify
Potions
 l - a potion of flight
Comestibles
 c - a bread ration
 f - 3 fruits
 i - a royal jelly
 j - a slice of pizza


   Skills:
 + Level 3.8 Fighting
 + Level 6.0 Polearms
 + Level 5.1 Dodging
 + Level 2.7 Stealth


You had 3 spell levels left.
You didn't know any spells.

Dungeon Overview and Level Annotations

Branches:
Dungeon (3/15)

Altars:

Annotations:
D:2 Robin, Sigmund
D:3 Terence


Message History

You are too injured to fight recklessly!
You are too injured to fight recklessly!
Wield which item (- for none, * to show all)? (? for menu, Esc to quit)
Okay, then.
You hit the hobgoblin but do no damage.
The hobgoblin is moderately wounded.
You closely miss the hobgoblin.
The hobgoblin is moderately wounded.
The hobgoblin barely misses you.
Robin roars a battlecry!
The hobgoblins go into a battle-frenzy!
Okay, then.
As you read the scroll labeled PUOGOWERISH, it crumbles to dust.
You feel blessed for a moment.
It was a scroll of remove curse.
The hobgoblin barely misses you. Robin closely misses you.
As you read the scroll labeled PARRUU IROYMIO, it crumbles to dust.
You hear a loud clanging noise!
It was a scroll of noise.
The hobgoblin misses you.
Robin hits you from afar with a trident!
You die...

#..### #.# ######### # #....##
#.# #<....<.. . #.###.# #.#
#.####### # #.# #.# ###.# #.#
#.###.# #...## #.#
#....#####....######.##
#..#.#>.##...##.>##...#######
##.####...#...#...#..#......(###
#.## ###.'#...#@.###...#####.##.
##.###.###...gg###.##.## #.##.
##.#........gg....##.# #)##.
##.#......8.g.......# #.##.
#.#[...............# #.##.
#...###.....###..#.# #.##.
#####.'#...#..##...######.##.
#...#...#...##............
#<.##...##.<# .####.#.....


You could see Robin, 3 hobgoblins and a goblin.

Vanquished Creatures
  An orc priest (D:3)
  2 adders (D:2)
  A dart slug (D:1)
  A giant gecko (D:2)
  4 orcs (D:3)
  A giant cockroach (D:1)
  6 goblins
  4 hobgoblins
  11 jackals
  A quokka (D:2)
  A ball python (D:1)
  4 bats
  3 giant newts
  3 kobolds
  4 rats (D:1)
47 creatures vanquished.

Notes
Turn   | Place    | Note
-------+----------+-------------------------------------------
     0 | D:1      | Promi the Merfolk Monk began the quest for the Orb.
     0 | D:1      | Reached XP level 1. HP: 18/18 MP: 1/1
   174 | D:1      | Reached XP level 2. HP: 24/24 MP: 2/2
   282 | D:1      | Reached skill level 5 in Polearms
   369 | D:1      | Reached XP level 3. HP: 28/29 MP: 3/3
  1147 | D:2      | Reached XP level 4. HP: 29/36 MP: 4/4
  1166 | D:2      | Noticed Sigmund
  1168 | D:2      | Noticed Robin
  1576 | D:3      | Reached skill level 5 in Dodging
  1591 | D:3      | Reached skill level 6 in Polearms
  1661 | D:3      | Noticed Terence
  1845 | D:2      | Slain by Robin

Vault maps used:
D:1:      minmay_arrival_three_doors
D:2:      grunt_ministairs_6, uniq_crazy_yiuf_cottage, uniq_sigmund, uniq_robin
D:3:      nicolae_dithmenos_through_a_glass_darkly, uniq_terence

Skill      XL: |  1  2  3  4 |
---------------+-------------+-----
Polearms       | 5 6 |  6.0
Dodging        | 5 |  5.1
Fighting       | |  3.8
Stealth        | |  2.7

Action                   |  1- 3 |  4- 6 || total
-------------------------+-------+-------++-------
Melee: Spear             |   128 |    75 ||   203
  Use: Potion            |     4 |     1 ||     5
       Scroll            |     2 |     3 ||     5
 Stab: Sleeping          |     6 |       ||     6
       Distracted        |       |     1 ||     1
  Eat: Chunk             |     1 |     2 ||     3
Armor: Robe              |     8 |     9 ||    17
Dodge: Dodged            |    71 |    62 ||   133
